 Dungeon Crawl Stone Soup version 0.29.1-12-g30fa7ad0bf (webtiles) character file.

Game seed: 15778910717929453057

14 hawla the Firebug (level 2, 0/20 HPs)
             Began as a Meteoran Fire Elementalist on Jan 12, 2023.
             Slain by Pargi (4 damage)
             ... on level 4 of the Dungeon.
             The game lasted 00:01:20 (161 turns).

hawla the Firebug (Meteoran Fire Elementalist)       Turns: 161, Time: 00:01:20

Health: 0/20       AC:  2    Str:  9    XL:     2   Next: 82%
Magic:  2/6        EV: 12    Int: 16    God:
Gold:   0          SH:  0    Dex: 14    Spells: 3/6 levels left

rFire   . . .      SeeInvis .   (no weapon)
rCold   . . .      Faith    .   (no shield)
rNeg    . . .      Spirit   .   a - +0 robe
rPois   .          Reflect  .   (no helmet)
rElec   .          Harm     .   (no cloak)
rCorr   .          Rampage  .   (no gloves)
Will    .....                   (no boots)
Stlth   +.........              (no amulet)
HPRegen 0.06/turn               (no ring)
MPRegen 0.10/turn               (no ring)

@: attractive, glowing
A: sense surroundings 1, otherworldly, glowing, explore regen
a: no special abilities


You were on level 4 of the Dungeon.
You visited 1 branch of the dungeon, and saw 4 of its levels.

Inventory:

Armour
 a - a +0 robe (worn)
Scrolls
 e - a scroll of teleportation
Potions
 b - a potion of magic
 f - a potion of lignification {unknown}
 g - a potion of heal wounds {unknown}


   Skills:
 + Level 2.7 Dodging
 - Level 1.4 Stealth
 + Level 2.9 Spellcasting
 + Level 1.3 Conjurations
 + Level 4.2 Fire Magic


You had 3 spell levels left.
You knew the following spells:

 Your Spells              Type           Power      Damage    Failure   Level
a - Foxfire               Conj/Fire      44%        2x1d6     6%          1
b - Scorch                Fire           30%        2d6       4%          2

Your spell library contained the following spells:

 Spells                   Type           Power      Damage    Failure   Level
 Conjure Flame            Conj/Fire      11%        6-21      19%         3
 Inner Flame              Hex/Fire       9%         N/A       24%         3
 Flame Wave               Conj/Fire      11%        2d6       52%         4


Dungeon Overview and Level Annotations

Branches:
Dungeon (4/15) Zot: 2237
 Temple: D:4-7

Altars:

Annotations:
D:4 Pargi


Innate Abilities, Weirdness & Mutations

You passively map a small area around you.
You are easily found by Zot.
You glow in the dark.
You regain HP and MP as you explore.


Message History

You conjure some foxfire!
The foxfire hits Pargi.
Pargi is lightly wounded.
An orc wizard comes into view. It is wielding a +0 dagger.
The foxfire hits Pargi.
Pargi is lightly wounded.
Press: ? - help, v - describe, . - travel
Here: Pargi (lightly wounded)
The floor.
Casting: Foxfire (safe; 6% risk of failure)
Confirm with . or Enter, or press ? or * to list all spells.
Flames lash Pargi.
Pargi is moderately wounded.
Pargi's fire resistance burns away.
You hear a shout!
An orc priest comes into view. It is wielding a +0 club.
An orc comes into view. It is wielding a +0 falchion.
Pargi snarls, "My home!
Leave!"
Casting: Scorch (safe; 4% risk of failure)
Confirm with . or Enter, or press ? or * to list all spells.
Flames lash Pargi.
Pargi is burned terribly!
Pargi is severely wounded.
Pargi attacks as you move away! Pargi bites you. Pargi claws you.
Pargi closely misses you. Pargi attacks as you move away! Pargi bites you.
Pargi claws you. x2
The orc wizard casts a spell.
The orc wizard flickers and vanishes!
Deactivating autopickup; reactivate with Ctrl-A.
Pargi attacks as you move away! Pargi barely misses you. Pargi claws you.
Pargi claws you but does no damage.
As you read the scroll labelled ISTROMM EHYALI, it crumbles to dust.
It is a scroll of identify.
e - a scroll of teleportation Pargi bites you.
* * * LOW HITPOINT WARNING * * *
Pargi misses you. Pargi claws you but does no damage.
It was a potion of attraction.
You feel attractive to monsters. The orc closely misses you. Pargi bites you.
You die...

,.................... ,
..................<.. ,
....................#..
.......?................#.#
,
............o.o...........#
, .........................#
.........................#
............To.......#...#
..........<.@........+>..# ,
.............)..†....#...#
.......<.................#
.........................#
.........................#
.........................#
,.....................#....#
*
#########################.#
, , , ,,, ...


You could see Pargi (combustible), an orc priest and 2 orcs.

Vanquished Creatures
  An adder (D:2)
  A dart slug (D:4)
  A hobgoblin (D:4)
  A goblin (D:4)
  A rat (D:1)
5 creatures vanquished.

Vanquished Creatures (others)
  17 foxfires
17 creatures vanquished.

Grand Total: 22 creatures vanquished

Notes
Turn   | Place    | Note
-------+----------+-------------------------------------------
     0 | D:1      | hawla the Meteoran Fire Elementalist began the quest for
                  | the Orb.
     0 | D:1      | Reached XP level 1. HP: 14/14 MP: 5/5
    76 | D:2      | Reached skill level 4 in Fire Magic
    76 | D:2      | Reached XP level 2. HP: 15/20 MP: 3/6
    79 | D:2      | Learned a level 2 spell: Scorch
   151 | D:4      | Noticed Pargi
   161 | D:4      | Slain by Pargi

Illustrated notes

Levels and vault maps discovered:
D:1:      lightli_arrival_isolated_outpost, layout_rooms, basic_ecumenical_altar
D:2:      layout_loops_ring
D:3:      layout_loops_cross, dk_yredelemnul_ordeal, bloody_makhleb,
          nicolae_overflow_crystal_walls, nrook_campfire, uniq_grinder
D:4:      minmay_goblin_kobold_castle, layout_basic, uniq_pargi, uniq_robin

Skill      XL: |  1 |
---------------+----+-----
Fire Magic     | 4 |  4.2
Dodging        | |  2.7
Stealth        | |  1.4
Spellcasting   | |  2.9
Conjurations   | |  1.3

Action                   || total
-------------------------++-------
Melee: Unarmed           ||     2
 Cast: Foxfire           ||    10
       Scorch            ||     2
  Use: Scroll            ||     2
       Potion            ||     1
Armor: Robe              ||     4
Dodge: Dodged            ||     6
